 Dungeon Crawl Stone Soup version 0.30-a0-21-g5d08c37080 (webtiles) character file.

Game seed: 11234285422037479176

95 Nekerdal the Vexing (level 4, -3/21 HPs)
             Began as a Spriggan Enchanter on Aug 24, 2022.
             Slain by an orc
             ... wielding a +0 club
              (4 damage)
             ... on level 3 of the Dungeon.
             The game lasted 00:05:01 (2462 turns).

Nekerdal the Vexing (Spriggan Enchanter)            Turns: 2462, Time: 00:05:03

Health: -3/21      AC:  4    Str:  8    XL:     4   Next: 39%
Magic:  9/11       EV: 17    Int: 25    God:
Gold:   42         SH:  0    Dex: 15    Spells: 4/12 levels left

rFire   . . .      SeeInvis +    l - +4 rapier of Pride {vorpal, rN+ Str+2 Int+3 SInv}
rCold   . . .      Faith    .    (no shield)
rNeg    + . .      Spirit   .    b - +0 robe
rPois   .          Reflect  .    g - +2 hat
rElec   .          Harm     .    (no cloak)
rCorr   .          Rampage  .    (gloves unavailable)
Will    .....                    (boots unavailable)
Stlth   +.........               (no amulet)
HPRegen 0.07/turn                f - +6 ring of intelligence
MPRegen 0.12/turn                (no ring)

@: confused, very quick
A: very small, no large weapons, unfitting armour, see invisible, speed 3
a: no special abilities


You were on level 3 of the Dungeon.
You visited 1 branch of the dungeon, and saw 3 of its levels.

You collected 42 gold pieces.

Inventory:

Hand Weapons
 a - a +1 dagger
 l - the +4 rapier of Pride (weapon) {vorpal, rN+ Str+2 Int+3 SInv}
   (You found it on level 2 of the Dungeon)

   It inflicts extra damage upon your enemies.
   Str:       It affects your strength (+2).
   Int:       It affects your intelligence (+3).
   rN:        It protects you from negative energy.
   SInv:      It lets you see invisible.
Armour
 b - a +0 robe (worn)
 g - a +2 hat (worn)
Jewellery
 f - a +6 ring of intelligence (left hand)
Potions
 c - 3 potions of invisibility
 d - a potion of might {unknown}
 e - a potion of curing {unknown}
 h - 2 potions of berserk rage {unknown}
 i - 2 potions of brilliance {unknown}
 j - 2 potions of flight {unknown}
 k - a potion of lignification {unknown}
 o - a potion of mutation {unknown}


   Skills:
 - Level 1.1 Short Blades
 - Level 2.6 Dodging
 - Level 4.4 Stealth
 + Level 4.5 Spellcasting
 + Level 5.1 Hexes


You had 4 spell levels left.
You knew the following spells:

 Your Spells              Type           Power      Damage    Failure   Level
a - Ensorcelled Hibernat  Hex/Ice        36%        N/A       4%          2
b - Tukima's Dance        Hex            31%        N/A       3%          3
d - Confusing Touch       Hex            31%        N/A       3%          3

Your spell library contained the following spells:

 Spells                   Type           Power      Damage    Failure   Level
 Dazzling Flash           Conj/Hex       36%        N/A       9%          3


Dungeon Overview and Level Annotations

Branches:
Dungeon (3/15)

Altars:
Qazlal


Innate Abilities, Weirdness & Mutations

You are very small and have problems with some larger weapons.
You are too small for most types of armour.
You have supernaturally acute eyesight. (SInv)
You cover ground extremely quickly. (Speed+++)


Message History

(D) Dungeon
Where to? (Enter - D:2, ? - help)
There is a stone staircase leading down here.
You climb downwards.
There is a stone staircase leading up here.
There are monsters nearby!
The orc shouts! x3
The orc shouts!
You hit the orc.
The orc is almost dead.
The orc misses you. The orc hits you but does no damage.
You barely miss the orc.
Casting: Ensorcelled Hibernation (safe; 4% risk of failure)
Confirm with . or Enter, or press ? or * to list all spells.
Aiming: Ensorcelled Hibernation (safe; 4% risk of failure)
Press: ? - help, Shift-Dir - straight line, f - orc wizard
Aim: an orc wizard, wielding a +0 dagger and wearing a +0 robe (chance to affect: 50%)
The orc wizard resists with some effort.
The orc hits you but does no damage. The orc wizard casts a spell at you.
You are confused.
The orc misses you. x2
You're too confused to cast spells.
Sorry, you're not good enough to have a special ability.
Unknown command.
Unknown command.
You're too confused to move!
The orc wizard barely misses you.
The orc hits you with a +0 club. x2; The orc hits you with a +0 short sword.
You hit the orc wizard.
The orc wizard is moderately wounded.
The orc completely misses you. The orc wizard misses you.
The orc closely misses you. The orc hits you with a +0 club. x2
* * * LOW HITPOINT WARNING * * *
You hit the orc.
The orc is almost dead.
The orc misses you. The orc closely misses you.
The orc wizard closely misses you. The orc hits you with a +0 club.
* * * LOW HITPOINT WARNING * * *
The orc hits you with a +0 club.
You die...

#............
#............
####...........
............#
#..........#
#..........#
#...ooo....#
#...o@.....#
##..o...<.##
##......##
########


You could see an orc wizard and 4 orcs.

Vanquished Creatures
  3 gnolls (D:2)
  2 adders (D:2)
  A worm (D:2)
  A dart slug (D:2)
  5 ball pythons
  7 bats
  3 endoplasms
  2 giant cockroaches (D:1)
  5 hobgoblins (D:1)
  3 quokkas
  A frilled lizard (D:1)
  A goblin (D:2)
  6 kobolds
  6 rats
46 creatures vanquished.

Notes
Turn   | Place    | Note
-------+----------+-------------------------------------------
     0 | D:1      | Nekerdal the Spriggan Enchanter began the quest for the
                  | Orb.
     0 | D:1      | Reached XP level 1. HP: 9/9 MP: 5/5
   322 | D:1      | Reached skill level 4 in Hexes
   342 | D:1      | Reached XP level 2. HP: 13/13 MP: 7/7
   345 | D:1      | Learned a level 2 spell: Ensorcelled Hibernation
   616 | D:1      | Found a faded altar of an unknown god.
  1081 | D:1      | Reached XP level 3. HP: 16/16 MP: 9/9
  1085 | D:1      | Learned a level 3 spell: Tukima's Dance
  1089 | D:1      | Learned a level 3 spell: Confusing Touch
  1357 | D:2      | Found a stormy altar of Qazlal.
  2001 | D:2      | Identified the +4 rapier of Pride {vorpal, rN+ Str+2 Int+3
                  | SInv}
  2034 | D:2      | Reached skill level 5 in Hexes
  2034 | D:2      | Reached XP level 4. HP: 14/21 MP: 7/11
  2462 | D:3      | HP: 1/21 [orc/+0 club (5)]
  2462 | D:3      | Slain by an orc

Illustrated notes

Levels and vault maps discovered:
D:1:      saegor_arrival_simple_e, layout_basic, ebering_ecumenical_altar_rust,
          minmay_misc_feat_secret_circle, grunt_decor_junction,
          minmay_pentomino_u2
D:2:      layout_basic, basic_altar, nicolae_grassy_gnolls
D:3:      layout_rooms, kennysheep_generic_room_10

Skill      XL: |  1  2  3 |
---------------+----------+-----
Spellcasting   | 3 4 |  4.5
Hexes          | 4 5 |  5.1
Short Blades   | |  1.1
Dodging        | |  2.6
Stealth        | |  4.4

Action                   |  1- 3 |  4- 6 || total
-------------------------+-------+-------++-------
Melee: Dagger            |   102 |       ||   102
       Rapier            |     7 |    10 ||    17
 Cast: Ensorcelled Hiber |    17 |     3 ||    20
  Use: Scroll            |     2 |     2 ||     4
 Stab: Sleeping          |    21 |     3 ||    24
Armor: Robe              |    14 |     2 ||    16
Dodge: Dodged            |    89 |    11 ||   100

Table legend: (Time is in decaauts)
 A = Elapsed time spent in this place.
 B = Non-inter-level travel time spent in this place.
 C = Inter-level travel time spent in this place.
 D = Time resting spent in this place.
 E = Time spent auto-exploring this place.
 F = Levels seen in this place.
 G = Mean time per level.
                   A        B        C        D        E       F      G
               +--------+--------+--------+--------+--------+-----+--------+
         Total |   1950 |   1925 |     25 |    153 |   1458 |   3 |  650.0 |
       Dungeon |   1950 |   1925 |     25 |    153 |   1458 |   3 |  650.0 |
               +--------+--------+--------+--------+--------+-----+--------+

Top non-repeatable levels by time:
     D:1: 1030 daAuts
     D:2: 912 daAuts
     D:3: 8 daAuts
